AoeStats
← Carmine Laguzio

Highland

505142106Analyzed
4v4 RM · 24d ago on Sep 8, 2026· 54m 43s· 8 players
Game mode
Random Map
Map size
Large (8 player)
Population
200
Speed
Normal
Resources
Standard
Victory
Conquest
Starting age
Dark Age
Ending age
Imperial Age
RankedLock teamsTeams togetherTeam positionsShared explorationLock speedFull tech treeHidden civsTurbo modeCheats
Victory
Defeat
🇺🇸 Franks · United States
828
+13
🇧🇷 Cumans · Brazil
813
+14
🇺🇸 Goths · United States
782
+15
🇧🇷 Franks · Brazil
730
+17
🇺🇸 Dravidians · United States
774
-15
🇺🇸 Portuguese · United States
766
-15
🇺🇸 Berbers · United States
763
-15
🇺🇸 Maya · United States
741
-14
ErvilhaDaBoa 0.o !
12:59 Feudal Age
18:18 Castle Age
16:57 Wheelbarrow
17:22 Double-Bit Axe
20:01 Bow Saw
20:18 Gold Mining
20:19 Stone Mining
21:41 Fletching
26:38 Caravan
29:33 Imperial Age
28:50 Gold Shaft Mining
31:04 Hand Cart
33:37 Bodkin Arrow
33:48 Scale Barding Armor
34:01 Husbandry
33:22 Cavalier
41:41 Paladin
42:45 Chain Barding Armor
42:36 Forging
50:50 Plate Barding Armor
51:14 Iron Casting
BIRIBINHA
11:22 Feudal Age
11:31 Man-at-Arms
13:02 Wheelbarrow
12:48 Horse Collar
14:48 Double-Bit Axe
20:07 Gold Mining
20:09 Stone Mining
20:27 Scale Mail Armor
21:09 Forging
25:45 Castle Age
26:57 Bow Saw
27:51 Iron Casting
27:36 Chain Mail Armor
27:43 Long Swordsman
29:01 Caravan
29:31 Coinage
32:02 Hand Cart
31:32 Loom
31:45 Town Watch
31:58 Capped Ram
34:10 Gold Shaft Mining
38:22 Imperial Age
38:31 Heavy Plow
41:04 Blast Furnace
40:35 Plate Mail Armor
39:29 Siege Ram
39:34 Two-Handed Swordsman
40:18 Champion
44:37 Masonry
44:18 Heated Shot
45:00 Ballistics
45:40 Chemistry
44:36 Murder Holes
44:52 Clinker Construction
44:52 Careening
50:37 Conscription
Piping Hot Monkey Toilet
0:31 Loom
15:49 Feudal Age
17:14 Wheelbarrow
16:26 Double-Bit Axe
16:24 Horse Collar
16:37 Gold Mining
16:38 Stone Mining
22:30 Castle Age
25:13 Stone Shaft Mining
24:50 Bow Saw
24:42 Heavy Plow
24:59 Hand Cart
31:21 Anarchy
31:25 Man-at-Arms
31:26 Pikeman
32:06 Squires
32:25 Forging
32:16 Scale Mail Armor
33:41 Iron Casting
37:06 Imperial Age
34:22 Town Watch
34:54 Chain Mail Armor
36:40 Ballistics
36:16 Murder Holes
36:32 Masonry
37:28 Elite Huskarl
38:30 Conscription
38:51 Perfusion
39:57 Chemistry
39:28 Architecture
41:35 Blast Furnace
47:04 Halberdier
51:27 Caravan
52:00 Coinage
51:41 Guilds
Lost My Scout
0:52 Loom
16:40 Feudal Age
17:09 Fishing Lines
17:22 Double-Bit Axe
17:34 Stone Mining
17:38 Gold Mining
17:37 Arson
23:00 Castle Age
23:03 Fletching
23:23 Forging
23:14 Scale Mail Armor
23:20 Scale Barding Armor
23:41 Gillnets
24:27 Caravan
24:45 Bow Saw
24:27 Light Cavalry
25:02 Town Watch
26:44 Wheelbarrow
29:16 Gold Shaft Mining
29:36 Hand Cart
30:08 Town Patrol
31:39 Husbandry
32:09 Chain Barding Armor
32:38 Iron Casting
35:31 Imperial Age
33:35 Squires
32:56 Pikeman
33:35 Herbal Medicine
33:41 Devotion
33:55 Fortified Wall
33:56 Masonry
34:30 Ballistics
34:06 Murder Holes
35:28 Chain Mail Armor
35:15 Bodkin Arrow
36:11 Fervor
36:34 Conscription
36:15 Chivalry
35:41 Cavalier
37:57 Chemistry
38:09 Plate Barding Armor
38:36 Blast Furnace
37:43 Arrowslits
38:36 Plate Mail Armor
39:22 Paladin
41:34 Hoardings
43:28 Architecture
OneO'ThemRangers
14:02 Feudal Age
20:49 Castle Age
18:40 Horse Collar
19:34 Double-Bit Axe
33:26 Wheelbarrow
36:59 Imperial Age
34:33 Gold Mining
34:35 Stone Mining
35:37 Bow Saw
35:59 Caravan
36:10 Fletching
37:22 Hand Cart
39:43 Chemistry
39:05 Ballistics
38:12 Heavy Camel Rider
39:18 Conscription
39:03 Maghrebi Camels
39:16 Scale Barding Armor
38:56 Pikeman
39:39 Scale Mail Armor
40:39 Siege Engineers
41:40 Chain Barding Armor
41:31 Forging
41:05 Cavalier
44:22 Iron Casting
46:02 Plate Barding Armor
45:43 Elite Camel Archer
46:46 Bodkin Arrow
50:43 Padded Archer Armor
53:10 Bracer
53:58 Leather Archer Armor
Carmine Laguzio
13:03 Feudal Age
16:14 Horse Collar
22:57 Castle Age
21:24 Double-Bit Axe
26:02 Horse Collar
26:35 Bow Saw
27:08 Wheelbarrow
27:51 Hand Cart
28:36 Heavy Plow
28:59 Town Watch
33:30 Ballistics
33:22 Fortified Wall
33:24 Masonry
33:11 Murder Holes
32:56 Treadmill Crane
33:56 Gold Mining
38:05 Imperial Age
36:14 Hul'che Javelineers
36:20 Squires
36:06 Arson
36:44 Eagle Warrior
36:45 Pikeman
37:30 Stone Mining
38:32 Halberdier
38:32 Elite Eagle Warrior
39:36 Conscription
39:49 Holcans
38:42 Elite Plumed Archer
39:26 Padded Archer Armor
39:16 Fletching
39:37 Forging
39:27 Scale Mail Armor
40:01 Architecture
40:51 Leather Archer Armor
40:32 Bodkin Arrow
40:00 Onager
41:50 Thumb Ring
41:06 Elite Skirmisher
Tony el Tigre
0:28 Loom
13:12 Feudal Age
13:57 Double-Bit Axe
13:58 Horse Collar
18:14 Wheelbarrow
21:57 Castle Age
20:00 Gold Mining
20:06 Stone Mining
23:28 Bow Saw
24:02 Heavy Plow
27:02 Stone Shaft Mining
27:38 Hand Cart
34:31 Imperial Age
32:53 Pikeman
33:25 Fletching
33:35 Padded Archer Armor
33:35 Scale Mail Armor
33:56 Bodkin Arrow
34:12 Forging
33:28 Elite Skirmisher
35:22 Ballistics
35:14 Masonry
36:33 Chemistry
35:45 Masonry
35:58 Conscription
35:41 Circumnavigation
37:06 Crop Rotation
36:30 Halberdier
36:41 Elite Cannon Galleon
37:30 Caravan
40:34 Chain Mail Armor
41:41 Elite Organ Gun
43:54 Arquebus
52:12 Plate Mail Armor
51:57 Leather Archer Armor
51:43 Bracer
Randlord
0:29 Loom
12:34 Feudal Age
15:31 Wheelbarrow
14:39 Horse Collar
14:46 Double-Bit Axe
22:16 Castle Age
22:35 Stone Mining
22:38 Gold Mining
24:32 Bow Saw
24:25 Heavy Plow
25:37 Hand Cart
33:25 Husbandry
32:47 Pikeman
33:44 Forging
33:40 Scale Barding Armor
33:35 Scale Mail Armor
34:09 Squires
33:55 Arson
34:52 Iron Casting
42:31 Imperial Age
41:53 Caravan
42:50 Medical Corps
42:52 Halberdier
Connection lost

Rejoining the realm…

Still unreachable

The connection could not be restored.

Session expired

The server has moved on; the page needs a fresh start.